 Dungeon Crawl Stone Soup version 0.29-a0-994-gc5c9f59d18 (webtiles) character file.

Game seed: 13724694848553161762

53 2tc the Chopper (level 3, -3/31 HPs)
             Began as a Hill Orc Monk on Aug 3, 2022.
             Slain by Terence
             ... wielding a +0 morningstar
              (9 damage)
             ... on level 2 of the Dungeon.
             The game lasted 00:02:30 (1429 turns).

2tc the Chopper (Hill Orc Monk)                     Turns: 1429, Time: 00:02:31

Health: -3/31      AC:  3    Str: 15    XL:     3   Next: 89%
Magic:  3/3        EV: 12    Int: 10    God:
Gold:   69         SH:  0    Dex: 13    Spells: 2/2 levels left

rFire   . . .      SeeInvis .   a - +0 hand axe
rCold   . . .      Faith    .   (no shield)
rNeg    . . .      Spirit   .   e - +0 leather armour
rPois   .          Reflect  .   (no helmet)
rElec   .          Harm     .   (no cloak)
rCorr   .          Rampage  .   (no gloves)
Will    .....                   (no boots)
Stlth   ++........              (no amulet)
HPRegen 0.10/turn               (no ring)
MPRegen 0.08/turn               (no ring)

@: flying
A: no striking features
a: no special abilities


You were on level 2 of the Dungeon.
You visited 1 branch of the dungeon, and saw 2 of its levels.

You collected 69 gold pieces.

Inventory:

Hand Weapons
 a - a +0 hand axe (weapon)
Armour
 b - a +0 robe
 e - a +0 leather armour (worn)
Potions
 d - a potion of curing {unknown}
 f - a potion of flight
 g - 2 potions of resistance {unknown}


   Skills:
 - Level 3.6 Fighting
 * Level 6.2 Axes
 - Level 2.4 Dodging
 - Level 1.5 Stealth


You had 2 spell levels left.
You didn't know any spells.
Your spell library contained the following spells:

 Spells                   Type           Power      Damage    Failure   Level
 Alistair's Intoxication  Tmut/Pois      0%         N/A       100%        5
 Borgnjor's Vile Clutch   Necr/Erth      0%         N/A       100%        5
 Eringya's Noxious Bog    Tmut/Pois      0%         N/A       100%        6


Dungeon Overview and Level Annotations

Branches:
Dungeon (2/15)

Altars:

Annotations:
D:2 Terence


Message History

You're too confused to attack without stumbling around!
You're too confused to attack without stumbling around!
You bump into the rock wall.
Terence hits you with a +0 morningstar.
You closely miss Terence. Terence hits you with a +0 morningstar!
You bump into the rock wall.
Terence says, "Don't bother to defend, it's pointless."
Terence hits you but does no damage.
You bump into the rock wall.
You feel less invigorated.
You feel less confused. Terence hits you with a +0 morningstar.
It was a potion of flight.
You feel very buoyant.
You fly up into the air.
Terence barely misses you.
You hit Terence.
Terence is lightly wounded.
Terence closely misses you.
You closely miss Terence.
Terence is lightly wounded.
Terence misses you.
You hit Terence.
Terence is lightly wounded.
Terence misses you.
You hit Terence.
Terence is lightly wounded.
Terence bares his teeth.
Terence closely misses you.
You hit Terence.
Terence is moderately wounded.
Terence hits you with a +0 morningstar!
* * * LOW HITPOINT WARNING * * *
You hit Terence but do no damage.
Terence is moderately wounded.
Terence misses you.
You barely miss Terence.
Terence is moderately wounded.
Terence closely misses you.
You barely miss Terence.
Terence is moderately wounded.
Terence hits you with a +0 morningstar!
You die...

###..#......# #....
#...........# #.... #.##..
#.......### #...
#.....##.......). #..#
#..#.#^.......# #..#
#..#.....##...# #.<#
###.....†# #....# #..#
#........###.#..# #.##
........@#w@@#..# #.#####
#.#......#.###..#.#####..†...
#......#...###..#........####
....#.......#...#.#####......
..............#.# ..#.#...#
..............#.# #.#...#.#
................# #.#...#.#
..........w..#.# #.#...#..
#..............#####.#......


You could see Terence and a worm.

Vanquished Creatures
  2 adders (D:2)
  A worm (D:2)
  A dart slug (D:1)
  4 ball pythons
  3 bats
  3 endoplasms
  2 giant cockroaches (D:1)
  A goblin (D:1)
  A hobgoblin (D:2)
  3 jackals (D:1)
  A kobold (D:2)
  2 quokkas
  2 frilled lizards (D:1)
  2 rats
28 creatures vanquished.

Notes
Turn   | Place    | Note
-------+----------+-------------------------------------------
     0 | D:1      | 2tc the Hill Orc Monk began the quest for the Orb.
     0 | D:1      | Reached XP level 1. HP: 19/19 MP: 1/1
   296 | D:1      | Reached XP level 2. HP: 26/26 MP: 2/2
   482 | D:1      | Reached skill level 5 in Axes
  1090 | D:2      | Reached XP level 3. HP: 31/31 MP: 3/3
  1395 | D:2      | Reached skill level 6 in Axes
  1404 | D:2      | Noticed Terence
  1429 | D:2      | Slain by Terence

Illustrated notes

Levels and vault maps discovered:
D:1:      erik_arrival_blinker_ship, layout_loops_cross, serial_glass,
          glass_columns_a, glass_columns_b, dk_noncrumbling_3
D:2:      layout_rooms, ebering_ecumenical_altar_box, roderic_lattice_a,
          uniq_sigmund, uniq_terence

Skill      XL: |  1  2  3 |
---------------+----------+-----
Axes           | 5 6 |  6.2
Fighting       | |  3.6
Dodging        | |  2.4
Stealth        | |  1.5

Action                   || total
-------------------------++-------
Melee: Hand axe          ||   102
  Use: Scroll            ||     1
       Potion            ||     2
 Stab: Sleeping          ||     2
Armor: Leather armour    ||    31
Dodge: Dodged            ||    71

Table legend: (Time is in decaauts)
 A = Elapsed time spent in this place.
 B = Non-inter-level travel time spent in this place.
 C = Inter-level travel time spent in this place.
 D = Time resting spent in this place.
 E = Time spent auto-exploring this place.
 F = Levels seen in this place.
 G = Mean time per level.
                   A        B        C        D        E       F      G
               +--------+--------+--------+--------+--------+-----+--------+
         Total |   1432 |   1397 |     35 |      0 |   1144 |   2 |  716.0 |
       Dungeon |   1432 |   1397 |     35 |      0 |   1144 |   2 |  716.0 |
               +--------+--------+--------+--------+--------+-----+--------+

Top non-repeatable levels by time:
     D:1: 887 daAuts
     D:2: 544 daAuts
